 Dungeon Crawl Stone Soup version 0.18.1-48-g4cf74bf (webtiles) character file.

23235 nikopol the Cleaver (level 12, -3/110 HPs)
             Began as a Minotaur Berserker on June 27, 2016.
             Was a High Priest of Trog.
             Slain by a ten-headed hydra (9 damage)
             ... on level 6 of the Lair of Beasts.
             The game lasted 00:46:12 (16193 turns).

nikopol the Cleaver (Minotaur Berserker)           Turns: 16193, Time: 00:46:13

Health: -3/110     AC: 16    Str: 21    XL:     12   Next: 70%
Magic:  11/11      EV: 18    Int:  4    God:    Trog [*****.]
Gold:   827        SH:  3    Dex: 16    Spells: 0 memorised, 11 levels left

rFire  + . .     SeeInvis .     x - +2 battleaxe (venom)
rCold  . . .     Gourm    .     Y - +1 ring mail {rPois}
rNeg   . . .     Faith    .     (shield currently unavailable)
rPois  +         Spirit   .     o - +1 hat
rElec  .         Dismiss  .     C - +0 cloak
rCorr  .         Reflect  +     m - +1 pair of gloves
SustAt .         Harm     .     K - +0 pair of boots
MR     .....                    s - +3 amulet of reflection
Stlth  +.........               M - ring of protection from fire
                                G - +2 ring of protection

@: not resistant to hostile enchantments, very unstealthy
A: retaliatory headbutt, horns 2
a: Berserk, Trog's Hand, Brothers in Arms, Burn Spellbooks, Renounce Religion


You were on level 6 of the Lair of Beasts.
You worshipped Trog.
Trog was extremely pleased with you.
You were not hungry.

You visited 2 branches of the dungeon, and saw 15 of its levels.

You collected 827 gold pieces.

Inventory:

Hand Weapons
 c - a +1 shortbow
 x - a +2 battleaxe of venom (weapon)
 D - the +5 executioner's axe of Death's Door {chop, rC+}
   (Trog gifted it to you on level 9 of the Dungeon)

   It inflicts extra damage upon your enemies.
   It protects you from cold.
 V - a +5 broad axe of freezing
Missiles
 r - 230 arrows
Armour
 m - a +1 pair of gloves (worn)
 o - a +1 hat (worn)
 C - a +0 cloak (worn)
 K - a +0 pair of boots (worn)
 N - a +0 pair of gloves
 R - a +2 scale mail of cold resistance
 S - a +1 hat
 Y - a +1 ring mail of poison resistance (worn)
Jewellery
 s - a +3 amulet of reflection (around neck)
 G - a +2 ring of protection (left hand)
 H - an uncursed amulet of the gourmand {unknown}
 M - a ring of protection from fire (right hand)
Wands
 g - a wand of confusion (22/48)
 q - a wand of teleportation (7/9)
 J - a wand of digging (14/24)
 W - a wand of digging (8/24)
Scrolls
 a - a scroll of random uselessness {unknown}
 e - a scroll of recharging
 h - a scroll of enchant weapon
 k - 9 scrolls of remove curse
 n - 3 scrolls of blinking
 t - a scroll of fog
 u - a scroll of fear {unknown}
 y - 3 scrolls of magic mapping
 F - 5 scrolls of teleportation
 L - 2 scrolls of identify
 Q - a scroll of enchant armour {unknown}
 T - a scroll of noise {unknown}
Potions
 b - a potion of magic
 d - 8 potions of curing
 f - 5 potions of agility
 i - 2 potions of invisibility
 l - 2 potions of degeneration
 p - 3 potions of might
 v - 4 potions of brilliance
 z - 2 potions of lignification
 A - 5 potions of heal wounds
 E - 3 potions of flight
 I - a potion of resistance
 Z - a potion of cure mutation
Books
 j - a book of Spatial Translocations

   Spells                             Type                      Level
   a - Apportation                    Translocation                1
   b - Blink                          Translocation                2
   c - Shroud of Golubria             Charms/Translocation         2
   d - Portal Projectile              Translocation                3
   e - Teleport Other                 Translocation                3
   f - Passage of Golubria            Translocation                4
   Trog disapproves of the use of such an item.
Comestibles
 w - 2 beef jerkies
 B - 11 bread rations
 O - a slice of pizza
 P - 3 fruits
 U - 3 chunks of flesh


   Skills:
 + Level 11.4 Fighting
 * Level 13.5 Axes
 * Level 10.5 Bows
 + Level 10.9 Armour
 + Level 10.2 Dodging


You had 11 spell levels left.
You didn't know any spells.

Dungeon Overview and Level Annotations

Branches:
Dungeon (9/15)             Temple (0/1) D:6            Lair (6/8) D:9
  Snake (0/4) Lair:5
  Swamp: Lair:3-6    Shoals: Lair:3-6     Slime: Lair:6-8       Orc: D:9-12

Altars:
Cheibriados
Dithmenos
Elyvilon
Fedhas
Gozag
Pakellas
Vehumet
Zin
The Shining One

Shops:
D:5 (   D:7 }


Innate Abilities, Weirdness & Mutations

You reflexively headbutt those who attack you in melee.
You have a pair of horns on your head.


Message History

The ten-headed hydra bites you but does no damage.
The ten-headed hydra completely misses you. x2
You continue eating.
The ten-headed hydra bites you.
* * * LOW HITPOINT WARNING * * *
The ten-headed hydra bites you but does no damage.
The ten-headed hydra barely misses you. The ten-headed hydra bites you.
* * * LOW HITPOINT WARNING * * *
The ten-headed hydra bites you!
* * * LOW HITPOINT WARNING * * *
The ten-headed hydra barely misses you. The ten-headed hydra bites you!
* * * LOW HITPOINT WARNING * * *
The ten-headed hydra barely misses you. x2; The ten-headed hydra misses you.
You continue eating.
The ten-headed hydra misses you. You furiously retaliate!
You headbutt the ten-headed hydra. The ten-headed hydra barely misses you.
The ten-headed hydra misses you.
You block the ten-headed hydra's attack.
The ten-headed hydra barely misses you. The ten-headed hydra bites you!
You die... .....P.%.......# ....#P.#......## .....PP......## .
PPPPPPPPPPP...##

##.P ...P.....P...<##.P.P
P.P.P.PPP..#........
P...P...P.....>.....
PPPPP.PPPDP(P...........
P.....P.@.P(P#รท.........


PPPPP.PPPPP(P...PP...... ........P(....###..... PP.P.PPP(P.P..PP# ..#.# ..
P.P..(P.P.PP...# # PP PPPPPP(PP#P.....# .P.P#......# ....##P...#.#
#....###....#.# You could see a ten-headed hydra.

Vanquished Creatures
  Maud (Lair:5)
  A stone giant (D:9)
  Josephine (Lair:4)
  2 hydras (Lair:5)
  The ghost of Malvoorn the Thaumaturge, a novice DrWz (D:8)
  A griffon (Lair:6)
  An ugly thing (D:8)
  Maurice (D:9)
  2 black mambas
  A centaur skeleton (D:8)
  6 komodo dragons
  5 spiny frogs
  A troll (D:9)
  Prince Ribbit (D:5)
  2 two-headed ogres
  Sigmund (D:5)
  A tarantella (shapeshifter) (D:9)
  A vampire (D:9)
  A wyvern (Lair:4)
  4 wraiths (Lair:4)
  6 yaks (Lair:1)
  8 hippogriffs
  A steam dragon (D:9)
  A hungry ghost (D:9)
  The ghost of Malvoorn the Poker, an amateur MfSk (D:3)
  Menkaure (D:4)
  Edmund (D:6)
  A naga (Lair:5)
  8 water moccasins
  Duvessa (D:5)
  4 ice beasts
  6 porcupines
  2 orc warriors
  A wasp (D:8)
  A black bear (D:7)
  12 wolves (Lair:3)
  A necrophage (D:7)
  2 phantoms
  2 ogres
  9 crocodiles
  5 centaurs
  Blork the orc (D:4)
  16 giant frogs
  Dowan (D:5)
  2 scorpions
  9 killer bees
  9 wights
  A howler monkey (D:6)
  3 crimson imps
  A giant frog zombie (D:6)
  A quasit (D:9)
  A centaur zombie (D:9)
  6 hounds
  Crazy Yiuf (D:4)
  5 orc priests
  7 orc wizards
  3 giant frog skeletons
  7 iguanas
  Jessica (D:2)
  Natasha (thrice) (D:4)
  4 worker ants
  4 hell rats (D:6)
  8 sheep (Lair:2)
  A killer bee zombie (D:8)
  A worker ant zombie (D:8)
  Robin (D:4)
  3 gnolls (D:6)
  31 river rats
  7 adders
  2 oozes
  2 worms
  3 giant geckos
  24 orcs
  7 giant cockroaches
  15 goblins
  11 hobgoblins
  19 jackals
  3 kobolds
  4 quokkas
  11 bats
  A giant cockroach zombie (D:5)
  A giant gecko zombie (D:7)
  7 giant newts
  31 rats
  2 bushes
  2 fungi
  A plant (D:9)
393 creatures vanquished.

Vanquished Creatures (others)
  A bush (Lair:6)
  2 fungi
  4 plants (D:9)
7 creatures vanquished.

Grand Total: 400 creatures vanquished

Notes
Turn   | Place    | Note
--------------------------------------------------------------
     0 | D:1      | nikopol the Minotaur Berserker began the quest for the Orb.
     0 | D:1      | Reached XP level 1. HP: 19/19 MP: 0/0
   323 | D:1      | Reached XP level 2. HP: 26/27 MP: 1/1
   923 | D:2      | Reached skill level 4 in Axes
  1011 | D:2      | Reached XP level 3. HP: 22/33 MP: 2/2
  1167 | D:2      | Noticed Jessica
  1170 | D:2      | Killed Jessica
  1170 | D:2      | Reached ** piety under Trog
  1235 | D:2      | Reached XP level 4. HP: 24/41 MP: 3/3
  1726 | D:3      | Found a faded altar to an unknown god.
  1740 | D:3      | Noticed Malvoorn's ghost (amateur MfSk)
  1749 | D:3      | Killed Malvoorn's ghost
  1749 | D:3      | Reached skill level 5 in Fighting
  1749 | D:3      | Reached XP level 5. HP: 48/48 MP: 4/4
  2082 | D:3      | Reached skill level 5 in Axes
  2251 | D:4      | Noticed Blork the orc
  2262 | D:4      | Killed Blork the orc
  2262 | D:4      | Reached XP level 6. HP: 46/56 MP: 5/5
  2299 | D:4      | Noticed Natasha
  2309 | D:4      | Killed Natasha
  2498 | D:4      | Noticed Natasha
  2500 | D:4      | Killed Natasha
  2547 | D:4      | Noticed Menkaure
  2559 | D:4      | Killed Menkaure
  2559 | D:4      | Reached skill level 5 in Armour
  2672 | D:4      | Noticed Crazy Yiuf
  2677 | D:4      | Killed Crazy Yiuf
  2677 | D:4      | Reached XP level 7. HP: 62/62 MP: 6/6
  2707 | D:4      | Reached *** piety under Trog
  2980 | D:4      | Noticed Robin
  3005 | D:4      | Killed Robin
  3009 | D:4      | Noticed Natasha
  3016 | D:4      | Killed Natasha
  3673 | D:5      | Entered Level 5 of the Dungeon
  3775 | D:5      | Reached skill level 6 in Axes
  3963 | D:5      | Reached skill level 5 in Dodging
  4089 | D:5      | Reached XP level 8. HP: 61/71 MP: 7/7
  4185 | D:5      | Reached **** piety under Trog
  4295 | D:5      | Noticed Prince Ribbit
  4305 | D:5      | Killed Prince Ribbit
  4305 | D:5      | Reached skill level 7 in Axes
  4436 | D:5      | Found Fafuraumn's Antique Weapon Emporium.
  4583 | D:5      | Noticed Dowan
  4586 | D:5      | Noticed Duvessa
  4591 | D:5      | Killed Duvessa
  4598 | D:5      | Killed Dowan
  4971 | D:5      | Noticed Sigmund
  4997 | D:5      | Killed Sigmund
  5166 | D:6      | Reached XP level 9. HP: 72/81 MP: 8/8
  5189 | D:6      | Found a staircase to the Ecumenical Temple.
  5239 | D:6      | Found a shadowy altar of Dithmenos.
  5339 | D:6      | Found a radiant altar of Vehumet.
  5399 | D:6      | Noticed Edmund
  5406 | D:6      | Reached skill level 8 in Axes
  5406 | D:6      | Reached skill level 1 in Bows
  5408 | D:6      | Killed Edmund
  5672 | D:6      | Reached ***** piety under Trog
  6007 | D:7      | Found Jiarexi's Gadget Shoppe.
  6269 | D:7      | Found an oddly glowing altar of Pakellas.
  6350 | D:7      | Reached skill level 9 in Axes
  6978 | D:8      | Reached XP level 10. HP: 70/91 MP: 9/9
  7301 | D:8      | Reached skill level 5 in Bows
  7305 | D:8      | Noticed a red ugly thing
  7314 | D:8      | Killed a red ugly thing
  7749 | D:8      | Reached skill level 10 in Axes
  8015 | D:8      | Noticed Malvoorn's ghost (novice DrWz)
  8027 | D:8      | Killed Malvoorn's ghost
  8660 | D:9      | Noticed Maurice
  8687 | D:9      | Killed Maurice
  8890 | D:9      | Noticed a stone giant
  8890 | D:9      | Received a gift from Trog
  8903 | D:9      | Reached skill level 11 in Axes
  8911 | D:9      | Killed a stone giant
  8911 | D:9      | Reached XP level 11. HP: 99/99 MP: 10/10
  8976 | D:9      | Got a warped executioner's axe {god gift}
  9231 | D:9      | Reached skill level 10 in Fighting
  9260 | D:9      | Found a glowing golden altar of the Shining One.
  9606 | D:9      | Found an opulent altar of Gozag.
  9607 | D:9      | Found a glowing silver altar of Zin.
  9657 | D:9      | Found a white marble altar of Elyvilon.
  9670 | D:9      | Found a snail-covered altar of Cheibriados.
  9953 | D:9      | Found a staircase to the Lair.
  9973 | Lair:1   | Entered Level 1 of the Lair of Beasts
 10139 | Lair:1   | Identified the +5 executioner's axe of Death's Door {chop, rC+} (Trog gifted it to you on level 9 of the Dungeon)
 11178 | Lair:2   | Reached skill level 12 in Axes
 11550 | Lair:2   | Reached skill level 10 in Armour
 11650 | Lair:2   | Received a gift from Trog
 12323 | Lair:3   | Found a blossoming altar of Fedhas.
 12846 | Lair:3   | Reached XP level 12. HP: 108/108 MP: 11/11
 13058 | Lair:4   | Noticed Josephine
 13069 | Lair:4   | Killed Josephine
 14013 | Lair:4   | Received a gift from Trog
 14234 | Lair:5   | Reached skill level 13 in Axes
 14241 | Lair:5   | Found a staircase to the Snake Pit.
 14269 | Lair:5   | Noticed a six-headed hydra
 14281 | Lair:5   | Killed a 13-headed hydra
 14281 | Lair:5   | Reached skill level 10 in Bows
 14336 | Lair:5   | Noticed Maud
 14781 | Lair:5   | Killed Maud
 14781 | Lair:5   | Reached skill level 10 in Dodging
 15311 | Lair:5   | Noticed a six-headed hydra
 15322 | Lair:5   | Killed a ten-headed hydra
 16156 | Lair:6   | Noticed a seven-headed hydra
 16193 | Lair:6   | Slain by a ten-headed hydra

Skill      XL: |  1  2  3  4  5  6  7  8  9 10 11 12 |
---------------+-------------------------------------+-----
Fighting       | 4 5 6 8 9 10 11 | 11.4
Armour         | 3 4 5 6 7 8 9 10 | 10.9
Axes           | 4 5 6 7 9 11 12 13 | 13.5
Dodging        | 3 4 5 6 7 8 9 10 | 10.2
Bows           | 4 7 9 10 | 10.5

Action                   |  1- 3 |  4- 6 |  7- 9 | 10-12 || total
-------------------------+-------+-------+-------+-------++-------
Melee: Hand axe          |    69 |    91 |    43 |       ||   203
       Headbutt          |     7 |    16 |    48 |    82 ||   153
       War axe           |       |       |   231 |    18 ||   249
       Battleaxe         |       |       |       |   378 ||   378
       Broad axe         |       |       |       |    23 ||    23
 Fire: Shortbow          |       |       |    69 |   217 ||   286
Invok: Berserk           |       |     1 |     3 |     5 ||     9
       Burn Spellbooks   |       |       |       |     1 ||     1
  Use: Scroll            |       |       |       |    23 ||    23
 Stab: Distracted        |       |       |     1 |       ||     1
  Eat: Chunk             |     1 |     6 |    10 |    33 ||    50
       Meat ration       |       |       |     1 |       ||     1
       Fruit             |       |       |       |     1 ||     1
       Beef jerky        |       |       |       |     1 ||     1
       Pizza             |       |       |       |     1 ||     1
Armor: Animal skin       |     7 |       |       |       ||     7
       Scale mail        |    20 |    27 |   106 |    76 ||   229
       Ring mail         |       |       |       |   111 ||   111
Dodge: Dodged            |    54 |    57 |   171 |   358 ||   640
Block: Other             |       |     7 |    22 |    54 ||    83
       Reflection        |       |       |     1 |     1 ||     2
